 Dungeon Crawl Stone Soup version 0.31-a0-117-g42d8f58691 (webtiles) character file.

Game seed: 17763033264430129301

20071 Mekire the Carver (level 12, 90/90 HPs)
             Began as an Octopode Berserker on June 14, 2021.
             Was a High Priest of Trog.
             Quit the game on level 3 of the Lair of Beasts on May 31, 2023.
             The game lasted 01:38:23 (21554 turns).

Mekire the Carver (Octopode Berserker)             Turns: 21554, Time: 01:38:24

Health: 90/90      AC:  1    Str: 23    XL:     12   Next: 75%
Magic:  12/12      EV: 17    Int: 16    God:    Trog [*****.]
Gold:   1172       SH:  9    Dex: 15    Spells: 11/11 levels left

rFire   x . .        a - +3 double sword (elec)
rCold   . . .        D - +0 kite shield "Goggyepn" {-Cast +Blink Will+}
rNeg    + . .        (helmet restricted)
rPois   +            s - amulet of faith
rElec   .            u - +6 ring of intelligence
rCorr   .            C - ring of positive energy
SInv    .            w - ring "Bobbea" {rPois rF- Str+2 Dex+4}
Will    +....        (no ring)
Stlth   ++++         (no ring)
HPRegen 0.35/turn    (no ring)
MPRegen 0.13/turn    (no ring)
                     (no ring)

%: no spellcasting, faith
@: studying Fighting
A: almost no armour, amphibious, 8 rings, camouflage 1, gelatinous body 1,
(nimble swimmer 1), tentacles
a: Renounce Religion, Evoke Blink, Berserk, Trog's Hand, Brothers in Arms


You were on level 3 of the Lair of Beasts.
You worshipped Trog.
Trog was extremely pleased with you.
You visited 3 branches of the dungeon, and saw 15 of its levels.
You also visited: Sewer and Bailey.

You collected 1172 gold pieces.

Inventory:

Hand Weapons
 a - a +3 double sword of electrocution (weapon)
 b - a +2 dagger of venom
 H - a +2 antimagic scimitar
Missiles
 f - 370 stones
 i - 41 poisoned darts
 n - 20 boomerangs (quivered)
 t - 7 javelins
 y - 8 curare-tipped darts
 B - 6 atropa-tipped darts
Armour
 j - a +0 buckler
 D - the +0 kite shield "Goggyepn" (worn) {-Cast +Blink Will+}
   (You found it on level 10 of the Dungeon)

   +Blink:    It lets you blink.
   -Cast:     It prevents spellcasting.
   Will:      It increases your willpower.
Jewellery
 r - an amulet of regeneration
 s - an amulet of faith (around mantle)
 u - a +6 ring of intelligence (left tentacle)
 w - the ring "Bobbea" (on tentacle) {rPois rF- Str+2 Dex+4}
   (You found it on level 1 of the Lair of Beasts)

   [ring of poison resistance]

   Str:       It affects your strength (+2).
   Dex:       It affects your dexterity (+4).
   rF:        It makes you vulnerable to fire.
   rPois:     It protects you from poison.
 C - a ring of positive energy (right tentacle)
 I - a ring of protection from cold
Wands
 l - a wand of digging (8)
 z - a wand of polymorph (5)
 F - a wand of iceblast (5)
Scrolls
 k - 5 scrolls of teleportation
 p - 2 scrolls of fog
 v - a scroll of silence {!r}
 A - 2 scrolls of magic mapping
 E - a scroll of summoning
 G - 6 scrolls of identify {@r1}
Potions
 c - 2 potions of cancellation
 d - a potion of magic
 e - 5 potions of enlightenment
 g - 3 potions of berserk rage
 h - 8 potions of curing
 m - 2 potions of heal wounds
 o - a potion of might
 q - 3 potions of lignification
 x - a potion of haste


   Skills:
 + Level 11.0 Fighting
 - Level 14.9 Long Blades
 - Level 4.0 Throwing
 + Level 9.8 Dodging
 - Level 4.1 Stealth
 - Level 3.6 Shields
 - Level 3.0 Evocations


You had 11 spell levels left.
You didn't know any spells.
Your spell library was empty.

Dungeon Overview and Level Annotations

Branches:
Dungeon (11/15)            Temple (0/1) D:5            Lair (3/6) D:9
 Shoals (0/4) Lair:3          Orc (1/2) D:9           Sewer (visited)
 Bailey (visited)
  Snake: Lair:2-3    Spider: Lair:2-3

Altars:
Sif Muna
Vehumet

Shops:
D:6 [?

Annotations:
D:5 3 runed translucent doors, exclusion: 3 doors, ClownBaby's ghost, amateur DEFE; math4jedi's ghost, novice MiBe; spiderkeys's ghost, novice OpCj
D:10 exclusion: electric eel
D:11 exclusions: manticore and two-headed ogre
Lair:2 exclusion: hydra
Lair:3 exclusions: boulder beetle and 3 death yaks
Orc:1 !urug warlord, Urug


Innate Abilities, Weirdness & Mutations

You cannot wear most types of armour.
You are amphibious.
You can wear up to eight rings at the same time.
Your skin changes colour to match your surroundings (Stealth+).
Your rubbery body absorbs attacks. (AC +1, EV +1)
((You are camouflaged when in or above water. (Stealth+)))
You have tentacles for arms and can constrict up to eight enemies at once.


Message History

Partly explored, can't reach some items and places.
Saving game... please wait.
Level annotation: exclusions: boulder beetle and 3 death yaks Your Fighting skill increases to level 11!
Welcome back, Mekire the Octopode Berserker.
Trog says: Kill them all!
Press ? for a list of commands and other information.
Annotate which branch? (. - Lair:3, ? - help, ! - show branch list)
Okay, then.
Are you sure you want to abandon this character and quit the game? (Confirm with "yes".)
Okay, then.
Unknown command.
Unknown command.
Unknown command.
Saving game... please wait.
Level annotation: exclusions: boulder beetle and 3 death yaks Welcome back, Mekire the Octopode Berserker.
Trog says: Kill them all!
Press ? for a list of commands and other information.
HP restored.
Partly explored, can't reach some items and places.
Health restored: 90 Partly explored, can't reach some items and places.
No target in view!
Partly explored, can't reach some items and places.
Partly explored, can't reach some items and places.
Partly explored, can't reach some items and places.
Partly explored, can't reach some items and places.
Partly explored, can't reach some items and places.
Partly explored, can't reach some items and places.
Unknown command.
Okay, then.
Unknown command.
Level annotation: exclusions: boulder beetle and 3 death yaks Welcome back, Mekire the Octopode Berserker.
Trog says: Kill them all!
Press ? for a list of commands and other information.
Unknown command.
Okay, then.
Are you sure you want to abandon this character and quit the game? (Confirm with "yes".)

#P..............####.......###...
##......†.......##.#.......####..
##.........##.....#.......#......
#........######..................
.......[..# ##.................
.........## ###.................
........## #.............###.#.
.......## ##..........######.#
........######..@..........♣#.##.
#.........#.#P..###......P~~.####
##....#........## ###....~P..####
##..####.#.....### #.#...~P~..##.
###.# #..#....#.####.....~..#...
#.#.## ###........# ##..#........
.#...# #...##...####...........
P....#####..####...#......##P..##
.......##...# ##..........#..###


There were no monsters in sight!

Vanquished Creatures
  A boulder beetle (Lair:1)
  A black mamba (Lair:3)
  5 cane toads
  2 kobold demonologists
  3 komodo dragons
  A polar bear (Lair:2)
  4 blink frogs (Lair:1)
  A wraith (D:9)
  42 yaks
  A basilisk (Lair:2)
  A wyvern (D:8)
  3 vampire mosquitoes (D:10)
  A steam dragon (D:10)
  13 water moccasins
  4 orc warriors
  An ice beast (D:8)
  2 ogres
  3 sky beasts
  2 black bears (Lair:1)
  2 necrophages
  6 centaurs
  3 phantoms
  8 wolves (Lair:3)
  A kobold brigand (D:11)
  10 bullfrogs
  4 scorpions
  A water moccasin zombie (D:5)
  5 killer bees (D:10)
  An electric eel (Lair:1)
  2 howler monkeys (D:4)
  A bullfrog zombie (D:5)
  3 hounds
  2 jellies
  3 centaur zombies
  7 orc priests
  Jessica (D:2)
  A bullfrog skeleton (D:4)
  An iguana (D:6)
  An orc wizard (D:8)
  2 merfolk sirens (Sewer)
  A merfolk avatar (Sewer)
  A hound skeleton (D:4)
  A howler monkey zombie (D:8)
  7 gnolls (D:4)
  4 river rats
  10 adders
  2 white imps (D:7)
  3 worms
  5 dart slugs
  47 orcs
  11 endoplasms
  5 giant cockroaches
  8 goblins
  11 hobgoblins
  6 jackals
  6 quokkas
  10 ball pythons
  8 bats
  8 frilled lizards
  9 kobolds
  27 rats
346 creatures vanquished.

Vanquished Creatures (collateral kills)
  A hydra (Lair:1)
  A two-headed ogre (D:9)
  A komodo dragon (D:9)
  A blink frog (Lair:1)
  5 yaks (D:9)
  2 orc warriors (D:9)
  An ogre (D:4)
  5 wights (D:9)
  2 orc priests (D:9)
  A gnoll (D:4)
  2 orcs (D:9)
22 creatures vanquished.

Vanquished Creatures (others)
  A sky beast (D:10)
1 creature vanquished.

Grand Total: 369 creatures vanquished

Notes
Turn   | Place    | Note
-------+----------+-------------------------------------------
     0 | D:1      | Mekire the Octopode Berserker began the quest for the Orb.
     0 | D:1      | Reached XP level 1. HP: 16/16 MP: 1/1
    59 | D:1      | Reached XP level 2. HP: 21/21 MP: 2/2
   487 | D:1      | Reached XP level 3. HP: 23/26 MP: 3/3
   691 | D:1      | Reached skill level 1 in Stealth
   751 | D:1      | Reached ** piety under Trog
  1353 | D:2      | Reached skill level 4 in Long Blades
  1353 | D:2      | Reached XP level 4. HP: 31/31 MP: 4/4
  2239 | D:2      | Noticed Jessica
  2246 | D:2      | Killed Jessica
  2615 | D:3      | Reached XP level 5. HP: 36/36 MP: 5/5
  2634 | D:3      | Found a glowing drain.
  2645 | Sewer    | Entered a sewer
  2799 | Sewer    | Reached skill level 1 in Shields
  3105 | Sewer    | Reached *** piety under Trog
  3167 | Sewer    | Reached skill level 5 in Long Blades
  3215 | Sewer    | Noticed a malarious merfolk avatar
  3253 | Sewer    | Reached XP level 6. HP: 36/42 MP: 6/6
  3978 | D:3      | You fall into a shaft and drop 2 floors!
  3978 | D:5      | Entered Level 5 of the Dungeon
  4239 | D:5      | Found a runed translucent gate.
  4239 | D:5      | Found a runed translucent gate.
  4239 | D:5      | Found a runed translucent gate.
  4240 | D:5      | Noticed math4jedi's ghost (novice MiBe)
  4240 | D:5      | Noticed spiderkeys's ghost (novice OpCj)
  4240 | D:5      | Noticed ClownBaby's ghost (amateur DEFE)
  4923 | D:3      | Reached **** piety under Trog
  5245 | D:4      | Reached skill level 6 in Long Blades
  5245 | D:4      | Reached XP level 7. HP: 46/46 MP: 7/7
  5658 | D:4      | Reached skill level 7 in Long Blades
  6011 | D:4      | Reached skill level 1 in Throwing
  6011 | D:4      | Reached XP level 8. HP: 52/52 MP: 8/8
  6791 | D:5      | Reached skill level 8 in Long Blades
  6895 | D:5      | Found a staircase to the Ecumenical Temple.
  7313 | D:6      | Found Teisaang's Magic Scroll Shop.
  7546 | D:6      | Found Hiynu's Armour Shoppe.
  7747 | D:6      | Reached skill level 9 in Long Blades
  8076 | D:6      | Reached XP level 9. HP: 41/57 MP: 9/9
  8411 | D:6      | Reached skill level 10 in Long Blades
  8538 | D:6      | Found a shimmering blue altar of Sif Muna.
  8622 | D:6      | Identified a scroll of acquirement
  8624 | D:6      | Acquired a +2 double sword of electrocution
  8739 | D:7      | Reached ***** piety under Trog
  9892 | D:8      | Found a flagged portal.
  9958 | Bailey   | Entered a bailey
  9958 | Bailey   | Noticed an orc knight
  9958 | Bailey   | Noticed an orc knight
 10686 | D:8      | Noticed a kobold demonologist
 10705 | D:8      | Killed a kobold demonologist
 10706 | D:8      | Reached skill level 11 in Long Blades
 10922 | D:8      | Reached skill level 5 in Fighting
 10922 | D:8      | Reached skill level 5 in Dodging
 10922 | D:8      | Reached XP level 10. HP: 66/66 MP: 10/10
 11230 | D:9      | Noticed a two-headed ogre
 11239 | D:9      | Killed a two-headed ogre
 11415 | D:9      | Found a staircase to the Orcish Mines.
 11698 | D:9      | Reached skill level 12 in Long Blades
 12152 | D:9      | HP: 2/69 [yak (14)]
 12655 | D:9      | Found a staircase to the Lair.
 13037 | D:9      | Reached XP level 11. HP: 54/74 MP: 11/11
 13382 | D:9      | Found a staircase to the Lair.
 13545 | D:9      | Found a staircase to the Orcish Mines.
 13805 | Orc:1    | Entered Level 1 of the Orcish Mines
 14105 | Orc:1    | Found a radiant altar of Vehumet.
 14145 | Orc:1    | Noticed Urug
 14184 | Orc:1    | Noticed an orc warlord
 14309 | D:10     | Entered Level 10 of the Dungeon
 14549 | D:10     | Reached skill level 13 in Long Blades
 14601 | D:10     | Received a gift from Trog
 15172 | D:10     | Identified the +0 kite shield "Goggyepn" {-Cast +Blink
                  | Will+}
 15621 | D:10     | Noticed a two-headed ogre
 15961 | D:11     | Noticed a manticore
 16160 | D:11     | Noticed a two-headed ogre
 16263 | Lair:1   | Entered Level 1 of the Lair of Beasts
 16471 | Lair:1   | Identified the ring "Bobbea" {rPois rF- Str+2 Dex+4}
 16821 | Lair:1   | Reached skill level 14 in Long Blades
 17149 | Lair:1   | Noticed a five-headed hydra
 17153 | Lair:1   | Killed a five-headed hydra
 17158 | Lair:1   | Reached XP level 12. HP: 82/82 MP: 12/12
 17329 | Lair:1   | Noticed a boulder beetle
 17375 | Lair:1   | Killed a boulder beetle
 17783 | Lair:1   | Acquired a manual of Fighting
 18134 | Lair:2   | Reached skill level 1 in Evocations
 18896 | Lair:2   | Noticed an eight-headed hydra
 19516 | Lair:3   | Found a staircase to the Shoals.
 19842 | Lair:3   | Reached skill level 10 in Fighting
 20450 | Lair:3   | Noticed a death yak
 20499 | Lair:3   | Noticed a boulder beetle
 20506 | Lair:3   | Noticed a death yak
 20717 | Lair:3   | Received a gift from Trog
 21483 | Lair:3   | Noticed a death yak
 21483 | Lair:3   | Noticed a death yak
 21535 | Lair:3   | Upgraded the game from 0.27-a0-1281-ge233d83751 to
                  | 0.28-a0-1184-g53156a8862
 21535 | Lair:3   | Upgraded the game from 0.28-a0-1184-g53156a8862 to
                  | 0.31-a0-75-g6fe912e8c5
 21542 | Lair:3   | Upgraded the game from 0.31-a0-75-g6fe912e8c5 to
                  | 0.31-a0-117-g42d8f58691
 21554 | Lair:3   | Quit the game

Illustrated notes

Levels and vault maps discovered:
D:1:      dpeg_arrival_shelter, layout_loops_corners, corexii_corridor_pit,
          hangedman_decor_peaks_small, minmay_cut_off
D:2:      layout_basic, minmay_octomino_c4, uniq_jessica
D:3:      layout_loops_cross, gup_sewer_entry_bowl
D:4:      layout_loops_ring
D:5:      layout_gridville, minmay_temple_entry_statues_fountains,
          gammafunk_ghost_cemetery
D:6:      layout_loops_corners, kennysheep_mini, serial_shops,
          nicolae_shop_temple_entry_statues_fountains, shop
D:7:      layout_loops_corners, grunt_decor_arrowhead
D:8:      layout_loops_ring, enter_bailey_3, minmay_manual_monstrance
D:9:      layout_small_grid, grunt_lair_entry_orc_guard_hut, david_orc_5
D:10:     layout_basic, hangedman_misty_isle
D:11:     layout_irregular_city
Lair:1:   layout_chaotic_city, gammafunk_lair_bear_cave
Lair:2:   layout_regular_city, lemuel_fruit_tree, grunt_megastairs_4
Lair:3:   layout_layer_cave, minmay_shoals_entry_centaurs, serial_bayou_pond_e,
          beast_lair_carwin_6
Orc:1:    orc_temple, layout_caves, basic_altar,
          nicolae_volcano_entry_two_sided, lightli_church_of_beogh, uniq_urug,
          uniq_nergalle

Skill      XL: |  1  2  3  4  5  6  7  8  9 10 11 12 |
---------------+-------------------------------------+-----
Stealth        | 1 2 3 4 |  4.1
Long Blades    | 4 5 6 7 9 11 12 14 | 14.9
Shields        | 1 2 3 |  3.6
Throwing       | 1 3 4 |  4.0
Fighting       | 5 6 8 11 | 11.0
Dodging        | 5 6 7 9 |  9.8
Evocations     | 3 |  3.0

Action                     |  1- 3 |  4- 6 |  7- 9 | 10-12 || total
---------------------------+-------+-------+-------+-------++-------
  Melee: Falchion          |    57 |   110 |       |       ||   167
         Constrict         |    15 |    35 |    43 |    38 ||   131
         Pseudopods        |     9 |    23 |    49 |    83 ||   164
         Long sword        |       |    41 |   133 |       ||   174
         Dagger            |       |       |     5 |       ||     5
         Double sword      |       |       |    52 |   337 ||   389
  Throw: Stone             |       |    56 |    77 |    69 ||   202
         Boomerang         |       |       |       |    80 ||    80
 Invoke: Berserk           |     7 |     6 |    11 |     7 ||    31
         Brothers in Arms  |       |       |     1 |     5 ||     6
         Trog's Hand       |       |       |       |     1 ||     1
  Evoke: Wand              |       |       |     1 |     4 ||     5
    Use: Scroll            |       |     7 |     9 |     6 ||    22
         Potion            |       |     1 |       |     3 ||     4
   Stab: Sleeping          |     6 |    18 |    11 |     6 ||    41
         Distracted        |       |     1 |       |       ||     1
 Armour: Skin              |     6 |     8 |     5 |     5 ||    24
  Dodge: Dodged            |    32 |    59 |    82 |   122 ||   295
  Block: Buckler           |       |    13 |    32 |    14 ||    59
         Kite shield       |       |       |       |    77 ||    77
Riposte: Falchion          |    10 |    14 |       |       ||    24
         Long sword        |       |     5 |    12 |       ||    17
         Double sword      |       |       |    10 |    38 ||    48

Table legend: (Time is in decaauts)
 A = Elapsed time spent in this place.
 B = Non-inter-level travel time spent in this place.
 C = Inter-level travel time spent in this place.
 D = Time resting spent in this place.
 E = Time spent auto-exploring this place.
 F = Levels seen in this place.
 G = Mean time per level.
                   A        B        C        D        E       F      G
               +--------+--------+--------+--------+--------+-----+--------+
         Total |  21920 |  21214 |    706 |   7776 |  10271 |  17 | 1289.4 |
       Dungeon |  15349 |  14767 |    582 |   5303 |   7177 |  11 | 1395.4 |
          Lair |   5033 |   4909 |    124 |   1726 |   2625 |   3 | 1677.7 |
  Orcish Mines |    400 |    400 |      0 |    256 |     91 |   1 |  400.0 |
         Sewer |   1132 |   1132 |      0 |    490 |    378 |   1 | 1132.0 |
        Bailey |      3 |      3 |      0 |      0 |      0 |   1 |    3.0 |
               +--------+--------+--------+--------+--------+-----+--------+

Top non-repeatable levels by time:
     D:9: 3140 daAuts
  Lair:3: 2156 daAuts
  Lair:2: 1601 daAuts
     D:4: 1571 daAuts
    D:10: 1482 daAuts
     D:1: 1452 daAuts
     D:8: 1355 daAuts
     D:6: 1345 daAuts
     D:5: 1306 daAuts
     D:2: 1288 daAuts
  Lair:1: 1275 daAuts
     D:7: 1200 daAuts
   Sewer: 1132 daAuts
     D:3: 808 daAuts
   Orc:1: 400 daAuts
